 Dungeon Crawl Stone Soup version 0.18-a0-629-g16988c9 (webtiles) character file.

618 Aethei the Basher (level 7, -2/60 HPs)
             Began as a Minotaur Fighter on Dec 4, 2015.
             Was an Initiate of the Shining One.
             Slain by yottam's ghost (9 damage)
             ... on level 5 of the Dungeon.
             The game lasted 00:21:35 (5072 turns).

Aethei the Basher (Minotaur Fighter)                Turns: 5072, Time: 00:21:35

Health: -2/60      AC:  7    Str: 20    XL:     7   Next: 21%
Magic:  6/6        EV:  3    Int:  5    God:    the Shining One [......]
Gold:   218        SH:  9    Dex: 12    Spells: 0 memorised, 6 levels left

rFire  + . .     SeeInvis .     a - +1 flail
rCold  . . .     Clarity  .     l - +1 ring mail {rF+}
rNeg   . . .     SustAt   .     c - +0 shield
rPois  .         Gourm    .     (helmet restricted)
rElec  .         Spirit   .     (no cloak)
rCorr  .         Dismiss  .     (no gloves)
rMut   .         Stasis   .     (no boots)
MR     .....                    (no amulet)
Stlth  +.........               (no ring)
                                (no ring)

@: not resistant to hostile enchantments, very unstealthy
A: retaliatory headbutt, horns 2
a: Renounce Religion


You were on level 5 of the Dungeon.
You worshipped the Shining One.
The Shining One was noncommittal.
You were not hungry.

You visited 2 branches of the dungeon, and saw 6 of its levels.

You collected 218 gold pieces.

Inventory:

Hand Weapons
 a - a +1 flail (weapon)
Armour
 c - a +0 shield (worn)
 i - a +0 chain mail
 l - a +1 ring mail of fire resistance (worn)
Scrolls
 f - a scroll of magic mapping
 g - 5 scrolls of remove curse
 h - 2 scrolls of teleportation
 m - a scroll of amnesia
 s - a scroll of random uselessness {unknown}
Potions
 b - 2 potions of curing
 d - a potion of might
 j - a potion of invisibility {unknown}
 o - a potion of cancellation {unknown}
 p - a potion of poison {unknown}
 t - a potion of lignification
Comestibles
 e - 2 bread rations
 k - 4 chunks of flesh
 n - 3 slices of pizza
 v - a meat ration


   Skills:
 + Level 4.4 Fighting
 * Level 8.7 Maces & Flails
 + Level 4.8 Armour
 - Level 3.6 Shields


You had 6 spell levels left.
You didn't know any spells.

Dungeon Overview and Level Annotations

Branches:
Dungeon (5/15)             Temple (1/1) D:4

Altars:
Ashenzari
Cheibriados
Dithmenos
Elyvilon
Fedhas
Kikubaaqudgha
Makhleb
Nemelex Xobeh
Okawaru
Pakellas
Qazlal
Ru
Sif Muna
Vehumet
Xom
The Shining One

Annotations:
D:5 Pikel; yottam's ghost, novice HuWn


Innate Abilities, Weirdness & Mutations

You reflexively headbutt those who attack you in melee.
You have a pair of horns on your head.


Message History

You climb downwards.
Level annotation: Pikel; yottam's ghost, novice HuWn Yottam's ghost hits you!
Pikel zaps a wand.
You suddenly lose the ability to move!
Yottam's ghost hits you!
An orc comes into view.
The orc shouts!
Pikel zaps a wand.
You resist with some effort. Yottam's ghost hits you!
The orc priest calls down the wrath of Beogh upon you.
Pain shoots through your body! Yottam's ghost completely misses you.
The orc priest hits you but does no damage.
Yottam's ghost hits you but does no damage.
Pikel hits you with a whip of freezing! Pikel freezes you.
* * * LOW HITPOINT WARNING * * *
You can move again.
There is a stone staircase leading up, spattered with blood here.
The orc priest invokes the aid of Beogh against you.
Pain shoots through your body!
* * * LOW HITPOINT WARNING * * *
Pikel zaps a wand.
You resist with some effort. Yottam's ghost hits you!
You die...

.... .......
.......
.......
...K...
#######...c...
#..W.o......?.
#.@o..........
#..K..........
#.....<....o..
##########o...
... #.


You could see Pikel, an orc priest, yottam's ghost and an orc.

Vanquished Creatures
  An ogre (D:4)
  A phantom (D:4)
  4 slaves
  A hound (D:4)
  An orc priest (D:4)
  A centaur skeleton (D:4)
  3 orc wizards (D:4)
  A gnoll shaman (D:4)
  9 adders
  6 gnolls
  An ooze (D:1)
  3 worms
  A giant gecko (D:2)
  9 orcs
  7 bats
  5 giant cockroaches
  5 goblins
  7 hobgoblins
  7 jackals
  5 kobolds
  A ball python (D:2)
  5 giant newts
  7 rats
91 creatures vanquished.

Notes
Turn   | Place    | Note
--------------------------------------------------------------
     0 | D:1      | Aethei the Minotaur Fighter began the quest for the Orb.
     0 | D:1      | Reached XP level 1. HP: 19/19 MP: 0/0
   304 | D:1      | Reached XP level 2. HP: 24/26 MP: 1/1
   305 | D:1      | Upgraded the game from 0.18-a0-628-gc02dfad to 0.18-a0-629-g16988c9
   680 | D:1      | Reached skill level 4 in Maces & Flails
   773 | D:1      | Reached XP level 3. HP: 26/31 MP: 2/2
  1233 | D:2      | Reached skill level 5 in Maces & Flails
  1407 | D:2      | Reached XP level 4. HP: 39/39 MP: 3/3
  1474 | D:2      | Found a blossoming altar of Fedhas.
  1850 | D:3      | Found a stormy altar of Qazlal.
  2159 | D:4      | Reached skill level 6 in Maces & Flails
  2180 | D:4      | Reached XP level 5. HP: 31/45 MP: 4/4
  2405 | D:4      | Found a staircase to the Ecumenical Temple.
  2410 | Temple   | Entered the Ecumenical Temple
  2478 | Temple   | Became a worshipper of the Shining One
  2546 | D:3      | Found a shadowy altar of Dithmenos.
  2724 | D:4      | Reached skill level 7 in Maces & Flails
  2806 | D:4      | Reached XP level 6. HP: 11/51 MP: 5/5
  3172 | D:4      | HP: 1/52 [gnoll/spear (8)]
  3173 | D:4      | The Shining One protects you from harm!
  3779 | D:4      | Reached skill level 8 in Maces & Flails
  3925 | D:4      | Reached XP level 7. HP: 55/59 MP: 6/6
  4040 | D:4      | Found an iron altar of Okawaru.
  4303 | D:5      | Entered Level 5 of the Dungeon
  4455 | D:5      | Noticed yottam's ghost (novice HuWn)
  4665 | D:5      | Noticed Pikel
  4665 | D:5      | Paralysed by Pikel for 3 turns
  5068 | D:5      | Paralysed by Pikel for 4 turns
  5072 | D:5      | Slain by yottam's ghost

Vault maps used:
D:1:      onia_arrival_mini_spirals, columned_hall_lemuel
D:2:      marbit_many_paths
D:3:      overflow_temple_1_default, overflow_temple_1_default, first_bread,
          minmay_misc_feat_alley, st_stairs_6
D:4:      nicolae_overflow_hidden_temple, temple_doors_d
D:5:      nicolae_gozag_seed_capital, uniq_pikel
Temple:   circular_temple_12

Action                   |  1- 3 |  4- 6 |  7- 9 || total
-------------------------+-------+-------+-------++-------
Melee: Flail             |    91 |   154 |    34 ||   279
  Use: Scroll            |     1 |     8 |     1 ||    10
       Potion            |       |     1 |       ||     1
  Eat: Chunk             |     2 |     5 |     3 ||    10
       Royal jelly       |       |     1 |       ||     1
       Beef jerky        |       |       |     1 ||     1
